 Dungeon Crawl Stone Soup version 0.21.1-1-g345015f (webtiles) character file.

20 inc the Vexing (level 2, -1/11 HPs)
             Began as a Felid Enchanter on Feb 23, 2018.
             Hit by a tomahawk thrown by an orc (2 damage)
             ... on level 4 of the Dungeon.
             The game lasted 00:01:20 (478 turns).

inc the Vexing (Felid Enchanter)                     Turns: 478, Time: 00:01:21

Health: -1/11      AC:  1    Str:  4    XL:     2   Next: 58%
Magic:  1/6        EV: 18    Int: 16    God:
Gold:   20         SH:  0    Dex: 16    Spells: 2/5 levels left
                                        Lives:  0   Deaths: 0

rFire    . . .     SeeInvis +     - Unarmed
rCold    . . .     Gourm    .   (shield unavailable)
rNeg     . . .     Faith    .   (armour unavailable)
rPois    .         Spirit   .   (helmet unavailable)
rElec    .         Reflect  .   (cloak unavailable)
rCorr    .         Harm     .   (gloves unavailable)
MR       .....                  (boots unavailable)
Stlth    +++.......             (no amulet)
HPRegen  0.03/turn              (no ring)
MPRegen  0.10/turn              (no ring)

@: quick
A: very small, no armour, no weapons or thrown items, stealth, claws 1, fangs 3,
see invisible, carnivore, speed 1, shaggy fur 1, slow metabolism 1, sharp paws
a: no special abilities


You were on level 4 of the Dungeon.
You were not hungry.

You visited 1 branch of the dungeon, and saw 4 of its levels.

You collected 20 gold pieces.

Inventory:

Potions
 c - a potion of might {unknown}
Books
 a - a book of Maledictions

   Spells                             Type                      Level
   a - Corona                         Hexes                        1
   b - Ensorcelled Hibernation        Hexes/Ice                    2
   c - Confuse                        Hexes                        3
   d - Tukima's Dance                 Hexes                        3
   e - Dazzling Spray                 Conjuration/Hexes            3
Comestibles
 b - a ration


   Skills:
 - Level 2.6 Dodging
 - Level 4.0 Stealth
 - Level 2.2 Unarmed Combat
 - Level 2.0 Spellcasting
 - Level 4.4 Hexes
 + Level 1.0 Ice Magic


You had 2 spell levels left.
You knew the following spells:

 Your Spells              Type           Power        Failure   Level  Hunger
a - Corona                Hex            ###....      3%          1    #......
b - Ensorcelled Hibernat  Hex/Ice        ##....       10%         2    ###....


Dungeon Overview and Level Annotations

Branches:
Dungeon (4/15)
 Temple: D:4-7

Altars:


Innate Abilities, Weirdness & Mutations

You cannot wear armour.
You are incapable of wielding weapons or throwing items.
Your paws allow you to move quietly. (Stealth)
You have sharp claws.
You have razor-sharp teeth.
You have supernaturally acute eyesight. (SInv)
You are carnivorous and can eat meat at any time.
You cover ground quickly.
You are covered in fur. (AC +1)
You have a slow metabolism.
Your sharp claws are effective at attacking unaware monsters.


Message History

* * * LOW HITPOINT WARNING * * *
You barely miss the orc.
The orc is almost dead.
The orc closely misses you.
You scratch the orc but do no damage.
The orc is almost dead.
There is a stone staircase leading up here.
You scratch the orc.
You kill the orc!
Your Ice Magic skill increases to level 1!
Casting: Ensorcelled Hibernation
Confirm with . or Enter, or press ? or * to list all spells.
Aiming: Ensorcelled Hibernation
Press: ? - help, Shift-Dir - straight line, f - orc
Aim: an orc, wielding a war axe and wearing a chain mail (chance to defeat MR: 59%)
The orc resists with significant effort.
The orc throws a tomahawk.
The tomahawk misses you.
The orc throws a tomahawk.
The tomahawk barely misses you.
The orc throws a tomahawk.
The tomahawk hits you.
You die...

########.
#(.......
#@# #.#
#.# #.#
#o# #(#
#)# #..
###.


You could see an orc.

Vanquished Creatures
  A leopard gecko (D:1)
  4 orcs (D:4)
  3 bats (D:1)
  A goblin (D:1)
  2 hobgoblins
  2 rats (D:1)
13 creatures vanquished.

Notes
Turn   | Place    | Note
-------+----------+-------------------------------------------
     0 | D:1      | inc the Felid Enchanter began the quest for the Orb.
     0 | D:1      | Reached XP level 1. HP: 7/7 MP: 4/4
   396 | D:1      | Reached XP level 2. HP: 9/11 MP: 6/6
   401 | D:1      | Learned a level 2 spell: Ensorcelled Hibernation
   474 | D:4      | Reached skill level 1 in Ice Magic
   478 | D:4      | Hit by a tomahawk thrown by an orc

Skill      XL: |  1  2 |
---------------+-------+-----
Unarmed Combat | 2 |  2.2
Ice Magic      | 1 |  1.0
Dodging        | |  2.6
Stealth        | |  4.0
Spellcasting   | |  2.0
Hexes          | |  4.4

Action                   || total
-------------------------++-------
Melee: Unarmed           ||    37
 Cast: Corona            ||     3
       Ensorcelled Hiber ||     4
 Stab: Sleeping          ||     5
  Eat: Chunk             ||     2
Armor: Skin              ||     2
Dodge: Dodged            ||    29
